 Seeded DCSS version 0.30.1-11-g7821555f0a (webtiles) character file.

Game seed: 5 (custom seed)

1884 Kazon the Chopper (level 8, -2/48 HPs)
             Began as a Vampire Fighter on Oct 31, 2023.
             Was a Believer of Makhleb.
             Slain by a wight
             ... wielding a +0 scimitar
              (3 damage)
             ... on level 7 of the Dungeon.
             The game lasted 00:17:59 (3924 turns).

Kazon the Chopper (Vampire Fighter)                 Turns: 3924, Time: 00:18:00

Health: -2/48      AC:  8    Str: 17    XL:     8   Next: 92%
Magic:  0/19       EV: 10    Int: 11    God:    Makhleb [**....]
Gold:   285        SH:  5    Dex: 19    Spells: 7/7 levels left

rFire   . . .        s - +1 war axe of Abuse {freeze, Will+}
rCold   + + .        c - +0 buckler
rNeg    + + +        q - +0 scale mail
rPois   ∞            j - +0 helmet
rElec   .            (no cloak)
rCorr   .            (no gloves)
SInv    +            (no boots)
Will    +....        F - amulet of guardian spirit
Stlth   +++          u - ring of magical power
HPRegen 0.00/turn    y - +6 ring of dexterity
MPRegen 0.16/turn

%: guardian spirit
@: bloodless, inhibited regen
A: bloodless, fangs 3, see invisible, vampiric 2
a: Bat Form, Revivify, Renounce Religion, Minor Destruction


You were on level 7 of the Dungeon.
You worshipped Makhleb.
Makhleb was pleased with you.
You visited 2 branches of the dungeon, and saw 8 of its levels.

You collected 285 gold pieces.

Inventory:

Hand Weapons
 a - a +0 war axe
 e - a +2 vampiric dagger
 f - a +0 hand axe of flaming
 s - the +1 war axe of Abuse (weapon) {freeze, Will+}
   (You acquired it on level 1 of the Dungeon)

   Will:      It increases your willpower.
 I - a +0 vampiric hand axe
Missiles
 k - 3 boomerangs (quivered)
 x - a poisoned dart
 B - 26 stones
Armour
 c - a +0 buckler (worn)
 i - a +0 tower shield
 j - a +0 helmet (worn)
 q - a +0 scale mail (worn)
Jewellery
 u - a ring of magical power (left hand)
 y - a +6 ring of dexterity (right hand)
 F - an amulet of guardian spirit (around neck)
Wands
 C - a wand of paralysis (8)
Scrolls
 g - a scroll of fog {unknown}
 n - 3 scrolls of identify {unknown}
 o - a scroll of summoning {unknown}
 p - 2 scrolls of magic mapping {unknown}
 r - a scroll of blinking {unknown}
 t - 2 scrolls of teleportation {unknown}
 A - a scroll of amnesia {unknown}
 D - a scroll of torment {unknown}
 H - a scroll of poison {unknown}
 J - a scroll of enchant armour {unknown}
Potions
 b - 4 potions of flight {unknown}
 d - a potion of might
 h - a potion of resistance {unknown}
 l - 3 potions of curing {unknown}
 m - a potion of magic {unknown}
 v - a potion of berserk rage {unknown}
 w - 2 potions of invisibility {unknown}
 z - 2 potions of heal wounds {unknown}
 E - a potion of lignification {unknown}
 G - a potion of attraction {unknown}


   Skills:
 + Level 4.2 Fighting
 + Level 2.5 Short Blades
 + Level 5.2 Axes
 * Level 3.8 Throwing
 + Level 3.9 Armour
 + Level 2.0 Dodging
 + Level 3.5 Stealth
 + Level 3.6 Shields
 * Level 3.1 Invocations
 * Level 3.0 Evocations


You had 7 spell levels left.
You didn't know any spells.
Your spell library contained the following spells:

 Spells                   Type           Power      Damage    Failure   Level
 Frozen Ramparts          Ice            0%         1d1       99%         3
 Ignite Poison            Fire/Tmut/Pois 0%         N/A       99%         3
 Ice Form                 Ice/Tmut       0%         N/A       100%        4
 Sticky Flame             Conj/Fire      0%         2d3       100%        4
 Summon Ice Beast         Ice/Summ       0%         N/A       100%        4
 Summon Forest            Summ/Tloc      0%         N/A       100%        5
 Eringya's Noxious Bog    Tmut/Pois      0%         N/A       100%        6
 Summon Hydra             Summ           0%         N/A       100%        7
 Ignition                 Fire           0%         3d3       100%        8


Dungeon Overview and Level Annotations

Branches:
Dungeon (7/15)             Temple (1/1) D:4

Altars:
Dithmenos
Fedhas
Gozag
Hepliaklqana
Makhleb
Okawaru
Qazlal
Wu Jian
Xom


Innate Abilities, Weirdness & Mutations

You do not regenerate when monsters are visible.
You are frail without blood (-20% HP).
You can heal yourself when you bite living creatures.
You are immune to poison.
You have razor-sharp teeth.
You have supernaturally acute eyesight. (SInv)
You are afflicted with vampirism and can become a bat while bloodless.


Message History

The wight is almost destroyed.
The wight hits you with a +0 morningstar!
* * * LOW HITPOINT WARNING * * *
You slash the wight!
You destroy the wight!
Makhleb accepts your kill.
You hit the wight.
The wight is lightly damaged.
The wight barely misses you.
You hit the wight.
The wight is lightly damaged.
The wight hits you with a +0 mace.
* * * LOW HITPOINT WARNING * * *
The wight hits you but does no damage.
You hit the wight but do no damage. You bite the wight.
The wight is moderately damaged.
The wight hits you with a +0 mace.
* * * LOW HITPOINT WARNING * * *
You hit the wight but do no damage. You bite the wight.
The wight is heavily damaged.
The wight barely misses you.
You barely miss the wight.
The wight is heavily damaged.
The wight hits you with a +0 mace!
* * * LOW HITPOINT WARNING * * *
You barely miss the wight.
The wight is heavily damaged.
You hear the slow hiss of an avalanche of sand very nearby.
The wight closely misses you. The wight hits you but does no damage.
You hit the wight.
The wight is severely damaged.
The wight hits you but does no damage.
You slash the wight!
You destroy the wight!
Makhleb accepts your kill.
You hit the wight but do no damage. You bite the wight, but do no damage.
You block the wight's attack.
You hit the wight but do no damage. You block the wight's attack.
The wight hits you with a +0 scimitar.
You die...

.######.. #..
......... ##.z
#####.. ...## y#
######.) .z.# ..
##....... #..# #.
#........ #..#
#.###..######
#..######...#..#
#.zz@.......#..#
#.###.#.##..#..#####.
#. #.###.............
#. ##.#.###.#.######.
#. ##.# #.#.# .. #.#
#.#.. ## #.# #.####
#.####.# #......#


You could see 2 wights.

Vanquished Creatures
  Sigmund (D:4)
  Duvessa (D:6)
  A water moccasin (D:6)
  2 black bears (D:4)
  A centaur (D:6)
  2 ogres
  2 scorpions
  3 wights (D:7)
  Dowan (D:6)
  A howler monkey (D:6)
  4 hounds
  3 orc priests (D:6)
  A jelly (D:5)
  6 iguanas
  4 orc wizards (D:6)
  4 gnolls (D:5)
  9 adders
  2 ufetubi
  3 worms
  15 orcs
  4 bats
  9 endoplasms
  A giant cockroach (D:1)
  12 goblins
  6 hobgoblins
  11 jackals
  3 kobolds
  3 quokkas (D:4)
  6 ball pythons
  3 frilled lizards
  4 rats
128 creatures vanquished.

Notes
Turn   | Place    | Note
-------+----------+-------------------------------------------
     0 | D:1      | Kazon the Vampire Fighter began the quest for the Orb.
     0 | D:1      | Reached XP level 1. HP: 17/17 MP: 1/1
    40 | D:1      | Identified a scroll of acquirement
    40 | D:1      | Acquired the +1 war axe of Abuse {freeze, Will+}
    84 | D:1      | Reached XP level 2. HP: 20/23 MP: 2/2
   141 | D:1      | Reached skill level 2 in Axes
   406 | D:1      | Gained mutation: You are afflicted with vampirism and can
                  | become a bat while bloodless. [Vampire growth]
   406 | D:1      | Reached XP level 3. HP: 29/29 MP: 3/3
  1078 | D:2      | Reached XP level 4. HP: 35/35 MP: 4/4
  1602 | D:3      | Found a blossoming altar of Fedhas.
  1696 | D:3      | Found a stormy altar of Qazlal.
  1910 | D:3      | Identified the +2 sling "Qeuhanocyt" {speed, rElec Str-3
                  | Dex+2}
  1927 | D:3      | Found a faded altar of an unknown god.
  2006 | D:4      | Found a staircase to the Ecumenical Temple.
  2047 | Temple   | Entered the Ecumenical Temple
  2064 | Temple   | Became a worshipper of Makhleb the Destroyer
  2142 | D:4      | Noticed a black bear
  2154 | D:4      | Killed a black bear
  2155 | D:4      | Reached skill level 3 in Axes
  2155 | D:4      | Reached skill level 1 in Stealth
  2155 | D:4      | Reached XP level 5. HP: 34/41 MP: 5/5
  2168 | D:4      | Found a hazy altar of Hepliaklqana.
  2169 | D:4      | Found a shadowy altar of Dithmenos.
  2169 | D:4      | Noticed a shadow
  2425 | D:4      | Noticed a black bear
  2433 | D:4      | Killed a black bear
  2434 | D:4      | Reached skill level 1 in Short Blades
  2434 | D:4      | Reached skill level 1 in Throwing
  2434 | D:4      | Reached skill level 1 in Invocations
  2434 | D:4      | Reached XP level 6. HP: 33/47 MP: 6/6
  2777 | D:4      | Noticed Sigmund
  2791 | D:4      | Killed Sigmund
  2792 | D:4      | Reached skill level 1 in Dodging
  2792 | D:4      | Reached skill level 1 in Evocations
  2792 | D:4      | Reached XP level 7. HP: 48/52 MP: 8/8
  2818 | D:5      | Entered Level 5 of the Dungeon
  2845 | D:5      | Reached skill level 4 in Axes
  2993 | D:5      | Reached * piety under Makhleb
  3288 | D:6      | Noticed Dowan
  3289 | D:6      | Noticed Duvessa
  3298 | D:6      | Killed Dowan
  3304 | D:6      | Killed Duvessa
  3305 | D:6      | Reached XP level 8. HP: 18/60 MP: 5/9
  3558 | D:6      | Found a shimmering altar of Xom.
  3789 | D:6      | Reached skill level 5 in Axes
  3854 | D:7      | Reached ** piety under Makhleb
  3919 | D:7      | HP: 1/48 [wight/+0 mace (4)]
  3924 | D:7      | Slain by a wight

Illustrated notes

Levels and vault maps discovered:
D:1:      ebering_trefoil_3fold, layout_basic, st_stairs_14, serial_bayou_ford_a
D:2:      layout_basic, hangedman_decor_growths, minmay_close_crescents
D:3:      layout_rooms, mainiacjoe_overflow_concentric_impassable,
          mainiacjoe_overflow_paths, shapermc_ecumenical_altar_acropolis,
          chequers_serial_rivers_micro_b
D:4:      layout_basic, riverfiend_overflow_shadow_ancestor,
          minmay_temple_entry_glass, uniq_sigmund
D:5:      layout_gridville
D:6:      layout_basic, xom_teletrap_fun, uniq_duvessa
D:7:      layout_loops_ring, enter_ossuary_3, roderic_batcave
Temple:   nicolae_temple_elliptical

Skill      XL: |  1  2  3  4  5  6  7  8 |
---------------+-------------------------+-----
Axes           | 2 3 4 5 |  5.2
Fighting       | 3 4 |  4.2
Shields        | 3 |  3.6
Armour         | 3 |  3.9
Stealth        | 1 3 |  3.5
Short Blades   | 1 2 |  2.5
Throwing       | 1 2 3 |  3.8
Invocations    | 1 2 3 |  3.1
Dodging        | 1 2 |  2.0
Evocations     | 1 3 |  3.0

Action                     |  1- 3 |  4- 6 |  7- 9 || total
---------------------------+-------+-------+-------++-------
  Melee: War axe           |   113 |   119 |   160 ||   392
         Bite              |     5 |     9 |    21 ||    35
  Throw: Stone             |       |    12 |     9 ||    21
         Dart              |       |     2 |    15 ||    17
         Boomerang         |       |       |    23 ||    23
Ability: Exsanguinate      |       |       |     1 ||     1
    Use: Scroll            |     2 |       |       ||     2
   Stab: Sleeping          |       |       |     1 ||     1
 Armour: Scale mail        |    60 |    42 |    51 ||   153
  Dodge: Dodged            |    53 |    53 |    81 ||   187
  Block: Buckler           |    20 |    24 |    44 ||    88
